 Dungeon Crawl Stone Soup version 0.21.1-1-g345015f (webtiles) character file.

156 sankara the Slasher (level 5, 0/52 HPs)
             Began as a Halfling Berserker on Feb 15, 2018.
             Was a Believer of Trog.
             Succumbed to ZomBoFoB's ghost's poison
             ... on level 3 of the Dungeon.
             The game lasted 00:08:31 (2709 turns).

sankara the Slasher (Halfling Berserker)            Turns: 2709, Time: 00:08:31

Health: 0/52       AC: 13    Str: 24    XL:     5   Next: 65%
Magic:  5/5        EV: 13    Int:  5    God:    Trog [**....]
Gold:   103        SH:  0    Dex: 14    Spells: 4/4 levels left

rFire    . . .     SeeInvis .   a - +0 falchion
rCold    . . .     Gourm    .   (shield restricted)
rNeg     . . .     Faith    .   j - +0 scale mail
rPois    .         Spirit   .   q - +2 helmet
rElec    .         Reflect  .   v - +2 cloak
rCorr    .         Harm     .   t - +0 pair of gloves
MR       ++...                  (no boots)
Stlth    ..........             (no amulet)
HPRegen  1.17/turn              l - ring of stealth
MPRegen  0.09/turn              (no ring)

@: berserking, lethally poisoned (0 -> -8), regenerating, very quick
A: small, mutation resistance 1
a: Berserk, Trog's Hand, Burn Spellbooks, Renounce Religion


You were on level 3 of the Dungeon.
You worshipped Trog.
Trog was pleased with you.
You were very hungry.

You visited 1 branch of the dungeon, and saw 3 of its levels.

You collected 103 gold pieces.

Inventory:

Hand Weapons
 a - a +0 falchion (weapon)
 b - a +0 hunting sling
 c - a +0 dagger
Missiles
 d - a throwing net
 e - 132 stones (quivered)
 h - 14 poisoned needles
 w - 3 sling bullets
Armour
 j - a +0 scale mail (worn)
 q - a +2 helmet (worn)
 t - a +0 pair of gloves (worn)
 v - a +2 cloak (worn)
Jewellery
 l - a ring of stealth (left hand)
Wands
 p - a wand of flame (28)
Scrolls
 f - 2 scrolls of amnesia {unknown}
 g - a scroll of random uselessness {unknown}
 k - a scroll of identify {unknown}
 m - 2 scrolls of teleportation {unknown}
Potions
 i - a potion of curing {unknown}
 n - a potion of mutation {unknown}
 r - a potion of degeneration {unknown}
 s - 2 potions of heal wounds {unknown}
Comestibles
 o - 8 rations
 u - 3 chunks of flesh


   Skills:
 - Level 2.6 Fighting
 + Level 5.1 Long Blades
 + Level 1.8 Slings
 - Level 2.1 Armour
 - Level 2.1 Dodging
 + Level 2.6 Stealth


You had 4 spell levels left.
You didn't know any spells.

Dungeon Overview and Level Annotations

Branches:
Dungeon (3/15)

Altars:
Nemelex Xobeh

Annotations:
D:3 ZomBoFoB's ghost, amateur OgGl


Innate Abilities, Weirdness & Mutations

You are small and have problems with some larger weapons.
You are somewhat resistant to further mutation.


Message History

The sling bullet hits ZomBoFoB's ghost but does no damage.
ZomBoFoB's ghost is severely damaged.
You feel sick. ZomBoFoB's ghost hits you!
* * * LOW HITPOINT WARNING * * *
You are more poisoned.
Your skin crawls.
You feel resistant to hostile enchantments.
You are feeling hungry.
* * * LOW HITPOINT WARNING * * *
You feel very sick.
ZomBoFoB's ghost hits you but does no damage.
Do you really want to go berserk while wielding your +0 hunting sling?
Okay, then.
a - a +0 falchion (weapon)
* * * LOW HITPOINT WARNING * * *
You feel sick.
A red film seems to cover your vision as you go berserk!
You feel yourself moving faster!
You feel mighty!
You are feeling very hungry.
You die...

############
#(....W@...############
#.########............##
#†# ############... #.#
########## #.#
.......... #.#
########## #.# # #.# #
#.# ##### #


You could see ZomBoFoB's ghost.

Vanquished Creatures
  Natasha (D:3)
  Robin (D:2)
  4 adders (D:2)
  An ooze (D:1)
  4 dart slugs
  A leopard gecko (D:3)
  5 giant cockroaches
  22 goblins
  7 hobgoblins
  6 kobolds
  A quokka (D:3)
  2 ball pythons
  9 bats
  3 rats
67 creatures vanquished.

Notes
Turn   | Place    | Note
-------+----------+-------------------------------------------
     0 | D:1      | sankara the Halfling Berserker began the quest for the Orb.
     0 | D:1      | Reached XP level 1. HP: 15/15 MP: 1/1
     4 | D:1      | Noticed a spriggan
     4 | D:1      | Noticed a demonspawn
     6 | D:1      | Noticed a vampire
     6 | D:1      | Noticed a formicid
     8 | D:1      | Noticed a dwarf
    10 | D:1      | Noticed a tengu
    10 | D:1      | Noticed a draconian
    12 | D:1      | Noticed an elf
    12 | D:1      | Noticed a merfolk
    14 | D:1      | Noticed a naga
    14 | D:1      | Noticed a vine stalker
    16 | D:1      | Noticed a centaur
    18 | D:1      | Noticed a halfling
    20 | D:1      | Noticed a human
    20 | D:1      | Noticed an ogre
    22 | D:1      | Noticed a felid
    22 | D:1      | Noticed a gargoyle
    24 | D:1      | Noticed a demigod
    24 | D:1      | Noticed a minotaur
    26 | D:1      | Noticed an octopode
    26 | D:1      | Noticed a troll
    28 | D:1      | Noticed a ghoul
    95 | D:1      | Reached XP level 2. HP: 7/20 MP: 2/2
   606 | D:1      | Reached skill level 4 in Long Blades
   606 | D:1      | Reached XP level 3. HP: 20/25 MP: 3/3
  1248 | D:2      | Reached XP level 4. HP: 5/30 MP: 4/4
  1262 | D:2      | HP: 1/30 [poisoned by an adder]
  1565 | D:2      | Reached ** piety under Trog
  1604 | D:2      | Reached skill level 1 in Stealth
  1679 | D:2      | Found a sparkling altar of Nemelex Xobeh.
  1706 | D:2      | Noticed Robin
  1722 | D:2      | Killed Robin
  1900 | D:2      | Reached XP level 5. HP: 23/35 MP: 5/5
  2369 | D:2      | Reached skill level 5 in Long Blades
  2369 | D:2      | Reached skill level 1 in Slings
  2480 | D:3      | Noticed Natasha
  2497 | D:3      | Killed Natasha
  2675 | D:3      | Noticed ZomBoFoB's ghost (amateur OgGl)
  2708 | D:3      | HP: 1/35 [poisoned by ZomBoFoB's ghost]
  2709 | D:3      | Succumbed to ZomBoFoB's ghost's poison

Skill      XL: |  1  2  3  4  5 |
---------------+----------------+-----
Long Blades    | 4 5 |  5.1
Stealth        | 2 |  2.6
Slings         | 1 |  1.8
Fighting       | |  2.6
Armour         | |  2.1
Dodging        | |  2.1

Action                   |  1- 3 |  4- 6 || total
-------------------------+-------+-------++-------
Melee: Falchion          |   101 |    70 ||   171
 Fire: Hunting sling     |       |    55 ||    55
Invok: Berserk           |     1 |     2 ||     3
       Trog's Hand       |       |     2 ||     2
  Eat: Chunk             |     1 |     7 ||     8
Armor: Animal skin       |     8 |       ||     8
       Scale mail        |    30 |    35 ||    65
Dodge: Dodged            |    90 |    86 ||   176
       Rpst.: Falchion   |    24 |    24 ||    48
